 Dungeon Crawl Stone Soup version 0.29.0-4-gdea44cf6ec (webtiles) character file.

Game seed: 3162556346350326695

1348 Renzlar the Shield-Bearer (level 8, -5/67 HPs)
             Began as a Gnoll Fighter on Aug 28, 2022.
             Slain by a wolf (8 damage)
             ... on level 5 of the Dungeon.
             The game lasted 00:22:01 (5102 turns).

Renzlar the Shield-Bearer (Gnoll Fighter)           Turns: 5102, Time: 00:22:02

Health: -5/67      AC: 10    Str: 30    XL:     8   Next: 62%
Magic:  13/13      EV: 14    Int:  5    God:
Gold:   313        SH: 10    Dex: 11    Spells: 14/14 levels left

rFire   + . .      SeeInvis +   a - +1 war axe
rCold   . . .      Faith    .   C - +0 kite shield
rNeg    . . .      Spirit   .   o - +1 ring mail of Courage {rF+ Str+5}
rPois   .          Reflect  .   k - +0 helmet
rElec   .          Harm     .   (no cloak)
rCorr   .          Rampage  .   l - +0 pair of gloves
Will    .....                   (no boots)
Stlth   ++........              (no amulet)
HPRegen 0.21/turn               q - +4 ring of evasion
MPRegen 0.13/turn               x - ring of see invisible

@: no status effects
A: fangs 1, strong nose, distributed training, strong 2
a: no special abilities


You were on level 5 of the Dungeon.
You visited 2 branches of the dungeon, and saw 6 of its levels.

You collected 313 gold pieces.

Inventory:

Hand Weapons
 a - a +1 war axe (weapon)
 c - a +0 sling
 y - a +1 vorpal flail
Missiles
 m - 2 poisoned darts
 u - 7 throwing nets
Armour
 b - a +1 scale mail
 k - a +0 helmet (worn)
 l - a +0 pair of gloves (worn)
 o - the +1 ring mail of Courage (worn) {rF+ Str+5}
   (You found it on level 3 of the Dungeon)

   Str:       It affects your strength (+5).
   rF:        It protects you from fire.
 C - a +0 kite shield (worn)
Jewellery
 q - a +4 ring of evasion (left hand)
 r - a ring of protection from fire
 x - a ring of see invisible (right hand)
Wands
 t - a wand of light (10)
 D - a wand of iceblast (10)
Scrolls
 e - 2 scrolls of identify
 f - 4 scrolls of teleportation
 i - a scroll of poison
 j - 2 scrolls of silence
 s - 2 scrolls of enchant armour
Potions
 d - 2 potions of might
 g - a potion of mutation
 h - 3 potions of haste
 n - 2 potions of cancellation
 p - 2 potions of resistance
 v - a potion of attraction {unknown}
 w - a potion of magic {unknown}
 z - 2 potions of curing {unknown}
 A - a potion of berserk rage {unknown}
 B - a potion of invisibility {unknown}


   Skills:
 + Level 7.5 Fighting
 + Level 3.5 Short Blades
 + Level 3.5 Long Blades
 + Level 5.9 Axes
 + Level 3.5 Maces & Flails
 + Level 3.5 Polearms
 + Level 3.5 Staves
 + Level 3.5 Ranged Weapons
 + Level 3.5 Throwing
 + Level 7.5 Armour
 + Level 3.5 Dodging
 + Level 3.5 Stealth
 + Level 7.5 Shields
 + Level 3.5 Unarmed Combat
 + Level 3.5 Spellcasting
 + Level 2.9 Conjurations
 + Level 2.9 Hexes
 + Level 2.9 Summonings
 + Level 2.9 Necromancy
 + Level 2.9 Translocations
 + Level 2.9 Transmutations
 + Level 2.9 Fire Magic
 + Level 2.9 Ice Magic
 + Level 2.9 Air Magic
 + Level 2.9 Earth Magic
 + Level 2.9 Poison Magic
 + Level 3.9 Invocations
 + Level 3.5 Evocations


You had 14 spell levels left.
You didn't know any spells.
Your spell library contained the following spells:

 Spells                   Type           Power      Damage    Failure   Level
 Apportation              Tloc           6%         N/A       36%         1
 Freeze                   Ice            12%        1d4       36%         1
 Frozen Ramparts          Ice            6%         1d1       75%         3
 Hailstorm                Conj/Ice       3%         3d3       98%         4
 Summon Ice Beast         Ice/Summ       3%         N/A       98%         4
 Alistair's Intoxication  Tmut/Pois      2%         N/A       100%        5
 Summon Mana Viper        Hex/Summ       3%         N/A       100%        5
 Monstrous Menagerie      Summ           1%         N/A       100%        7


Dungeon Overview and Level Annotations

Branches:
Dungeon (5/15)             Temple (1/1) D:4

Altars:
Ashenzari
Cheibriados
Dithmenos
Fedhas
Gozag
Hepliaklqana
Kikubaaqudgha
Nemelex Xobeh
Qazlal
Ru
Sif Muna
Trog
Uskayaw
Vehumet
Xom
Zin

Shops:
D:5 *[


Innate Abilities, Weirdness & Mutations

You have very sharp teeth.
Your uncanny sense of smell can sniff out nearby items.
Your experience applies equally to all skills.
Your muscles are very strong. (Str +8, Int/Dex -2)


Message History

You barely miss the wolf. You block the wolf's attack. x2
The wolf barely misses you. You block the gnoll's attack.
The wolf bites you but does no damage.
You completely miss the wolf. Your bite misses the wolf.
The wolf is almost dead.
You completely miss the wolf. The wolf bites you! The wolf misses you.
The wolf bites you but does no damage. You block the gnoll's attack.
The wolf closely misses you. The gnoll barely misses you.
You block the wolf's attack. The wolf misses you.
You barely miss the wolf. You bite the wolf, but do no damage.
The wolf is almost dead.
You hit the wolf. You block the wolf's attack. The wolf bites you.
The gnoll barely misses you. The wolf misses you.
The wolf bites you but does no damage.
You hit the wolf but do no damage.
The wolf is almost dead.
You barely miss the wolf. The wolf bites you. You block the wolf's attack.
The gnoll hits you from afar with a +0 halberd!
You block the wolf's attack. The wolf bites you. The gnoll misses you.
You slash the wolf!
You kill the wolf!
You hit the wolf. The wolf bites you but does no damage. The wolf bites you.
* * * LOW HITPOINT WARNING * * *
The gnoll barely misses you. You block the wolf's attack.
Unknown command.
The wolf closely misses you.
The gnoll hits you from afar with a +0 halberd!
* * * LOW HITPOINT WARNING * * *
The wolf bites you!
* * * LOW HITPOINT WARNING * * *
You see here a wolf corpse.
Unknown command.
You block the wolf's attack. The gnoll barely misses you.
There is an open gate here.
Unknown command.
You hit the gnoll. You bite the gnoll, but do no damage.
The gnoll is moderately wounded.
You hit the wolf but do no damage. You block the wolf's attack.
The wolf misses you. The gnoll misses you. The wolf bites you!
You die... ..........##.........#####....≈≈. #..PPPPPP.#

#........# #...≈≈≈≈). #.........#
###.....## #..≈≈.....
..P.PPP.P.#####..#..####.≈≈.....#
..P.....P.#............#.≈..)...#
....._..P........###...#.≈..(....
................#####..#.≈)..##..
....P.P.P.......'...##.#.≈).####.
.)).............@g..##)#.≈.##..'.
...P.PPPP.....††h...##...≈(##..'.
#.........#.....#####....≈..####.
##########.......###.....≈...##..
# #...............≈....... #
#.......##.###..≈......#
#####<..........≈≈.....# ###
#....######..≈≈≈≈≈.. ####.##
#..#..# #......≈≈.


You could see a wolf and a gnoll.

Vanquished Creatures
  An ogre (D:4)
  A wolf (D:5)
  A centaur (D:4)
  3 gnoll sergeants (D:5)
  8 hounds
  A gnoll bouda (D:5)
  An iguana (D:5)
  Jessica (D:3)
  40 gnolls
  9 adders
  2 ufetubi (D:5)
  3 worms
  4 dart slugs
  An orc (D:4)
  8 ball pythons
  14 endoplasms
  4 giant cockroaches
  4 goblins
  7 hobgoblins
  5 jackals (D:5)
  6 quokkas
  4 bats
  5 frilled lizards
  5 kobolds
  11 rats
149 creatures vanquished.

Vanquished Creatures (others)
  15 plants
15 creatures vanquished.

Grand Total: 164 creatures vanquished

Notes
Turn   | Place    | Note
-------+----------+-------------------------------------------
     0 | D:1      | Renzlar the Gnoll Fighter began the quest for the Orb.
     0 | D:1      | Reached XP level 1. HP: 23/23 MP: 1/1
   166 | D:1      | Reached XP level 2. HP: 29/29 MP: 2/2
   502 | D:1      | Reached XP level 3. HP: 35/35 MP: 3/3
   847 | D:1      | Reached skill level 1 in Invocations
  1159 | D:2      | Reached skill level 1 in Short Blades
  1159 | D:2      | Reached skill level 1 in Long Blades
  1159 | D:2      | Reached skill level 1 in Maces & Flails
  1159 | D:2      | Reached skill level 1 in Polearms
  1159 | D:2      | Reached skill level 1 in Staves
  1159 | D:2      | Reached skill level 1 in Ranged Weapons
  1159 | D:2      | Reached skill level 1 in Throwing
  1159 | D:2      | Reached skill level 1 in Dodging
  1159 | D:2      | Reached skill level 1 in Stealth
  1159 | D:2      | Reached skill level 1 in Unarmed Combat
  1159 | D:2      | Reached skill level 1 in Spellcasting
  1159 | D:2      | Reached skill level 1 in Evocations
  1198 | D:2      | Reached XP level 4. HP: 39/41 MP: 5/5
  1206 | D:2      | Reached skill level 1 in Conjurations
  1206 | D:2      | Reached skill level 1 in Hexes
  1206 | D:2      | Reached skill level 1 in Summonings
  1206 | D:2      | Reached skill level 1 in Necromancy
  1206 | D:2      | Reached skill level 1 in Translocations
  1206 | D:2      | Reached skill level 1 in Transmutations
  1206 | D:2      | Reached skill level 1 in Fire Magic
  1206 | D:2      | Reached skill level 1 in Ice Magic
  1206 | D:2      | Reached skill level 1 in Air Magic
  1206 | D:2      | Reached skill level 1 in Earth Magic
  1206 | D:2      | Reached skill level 1 in Poison Magic
  1792 | D:3      | Identified the +1 ring mail of Courage {rF+ Str+5}
  1881 | D:3      | Reached XP level 5. HP: 47/47 MP: 5/7
  1965 | D:3      | Found a stormy altar of Qazlal.
  2178 | D:3      | Noticed Jessica
  2191 | D:3      | Killed Jessica
  2504 | D:4      | Found a blossoming altar of Fedhas.
  2597 | D:4      | Found a bloodstained altar of Trog.
  2635 | D:4      | Gained mutation: You passively map a small area around you.
                  | [potion of mutation]
  2635 | D:4      | Gained mutation: You have sharp fingernails. [potion of
                  | mutation]
  2635 | D:4      | Gained mutation: Your spells are a little harder to cast,
                  | but a little more powerful. [potion of mutation]
  2636 | D:4      | Lost mutation: You have sharp fingernails. [potion of
                  | mutation]
  2636 | D:4      | Lost mutation: You passively map a small area around you.
                  | [potion of mutation]
  2636 | D:4      | Lost mutation: Your spells are a little harder to cast, but
                  | a little more powerful. [potion of mutation]
  2636 | D:4      | Gained mutation: Your muscles are strong. (Str +4, Int/Dex
                  | -1) [potion of mutation]
  2636 | D:4      | Gained mutation: Your muscles are very strong. (Str +8,
                  | Int/Dex -2) [potion of mutation]
  2668 | D:4      | Reached XP level 6. HP: 49/53 MP: 8/8
  2675 | D:4      | Reached skill level 5 in Axes
  2923 | D:4      | Reached XP level 7. HP: 43/60 MP: 10/10
  3118 | D:4      | Found a staircase to the Ecumenical Temple.
  3123 | Temple   | Entered the Ecumenical Temple
  3703 | D:5      | Entered Level 5 of the Dungeon
  3818 | D:5      | Found a broken altar of Ashenzari.
  3844 | D:5      | Found Napom's Assorted Antiques.
  4012 | D:5      | Found an ancient bone altar of Kikubaaqudgha.
  4272 | D:5      | Reached XP level 8. HP: 53/67 MP: 12/12
  4997 | D:5      | Found Tecleaf's Armour Shop.
  5100 | D:5      | HP: 3/67 [wolf (9)]
  5102 | D:5      | Slain by a wolf

Illustrated notes

Levels and vault maps discovered:
D:1:      tarquinn_simple_flora_water_c, layout_loops_ring, minmay_tall_x
D:2:      layout_basic
D:3:      layout_rooms, pf_just_have_faith, kennysheep_big_empty_room,
          uniq_jessica
D:4:      layout_cave_pods, mainiacjoe_overflow_six_doors_small, trog_book,
          minmay_temple_entry_arrows, minmay_quantized
D:5:      layout_cave_pods, cheibrodos_ashenzari_chains,
          mainiacjoe_overflow_cross_hatched, serial_shops,
          nicolae_shop_window_shopping, serial_gnoll_camp, gnoll_camp_mini_hut,
          gnoll_camp_mini_basic, gnoll_camp_mini_hut, gnoll_camp_mini_shop,
          gnoll_camp_mini_doghouse, gnoll_camp_huts_moat
Temple:   chequers_temple_sunken

Skill      XL: |  1  2  3  4  5  6  7 |
---------------+----------------------+-----
Invocations    | 1 2 3 |  3.9
Short Blades   | 1 2 3 |  3.5
Long Blades    | 1 2 3 |  3.5
Maces & Flails | 1 2 3 |  3.5
Polearms       | 1 2 3 |  3.5
Staves         | 1 2 3 |  3.5
Ranged Weapons | 1 2 3 |  3.5
Throwing       | 1 2 3 |  3.5
Dodging        | 1 2 3 |  3.5
Stealth        | 1 2 3 |  3.5
Unarmed Combat | 1 2 3 |  3.5
Spellcasting   | 1 2 3 |  3.5
Evocations     | 1 2 3 |  3.5
Conjurations   | 1 2 |  2.9
Hexes          | 1 2 |  2.9
Summonings     | 1 2 |  2.9
Necromancy     | 1 2 |  2.9
Translocations | 1 2 |  2.9
Transmutations | 1 2 |  2.9
Fire Magic     | 1 2 |  2.9
Ice Magic      | 1 2 |  2.9
Air Magic      | 1 2 |  2.9
Earth Magic    | 1 2 |  2.9
Poison Magic   | 1 2 |  2.9
Axes           | 5 |  5.9
Fighting       | 7 |  7.5
Armour         | 7 |  7.5
Shields        | 7 |  7.5

Action                   |  1- 3 |  4- 6 |  7- 9 || total
-------------------------+-------+-------+-------++-------
Melee: War axe           |    58 |    83 |   156 ||   297
       Bite              |     2 |     3 |    22 ||    27
 Fire: Sling             |    35 |   106 |   273 ||   414
  Use: Scroll            |     6 |     9 |     1 ||    16
       Potion            |       |     2 |       ||     2
Armor: Scale mail        |    21 |    11 |       ||    32
       Ring mail         |       |    29 |    54 ||    83
Dodge: Dodged            |    16 |    73 |   155 ||   244
Block: Buckler           |    15 |    36 |    36 ||    87
       Kite shield       |       |       |    29 ||    29
